 Dungeon Crawl Stone Soup version 0.19.5 (webtiles) character file.

51 McKennaii the Skirmisher (level 3, -2/30 HPs)
             Began as a Demonspawn Abyssal Knight on Apr 25, 2017.
             Was a Believer of Lugonu.
             Killed from afar by Natasha (12 damage)
             ... with a wand of flame
             ... on level 2 of the Dungeon.
             The game lasted 00:02:32 (1575 turns).

McKennaii the Skirmisher (DsAK)                     Turns: 1575, Time: 00:02:33

Health: -2/30      AC:  3    Str: 12    XL:     3   Next: 58%
Magic:  4/4        EV: 11    Int: 13    God:    Lugonu [**....]
Gold:   50         SH:  0    Dex: 13    Spells: 0 memorised, 2 levels left

rFire  . . .     SeeInvis .     a - +1 falchion
rCold  . . .     Gourm    .     b - +0 leather armour
rNeg   . . .     Faith    .     (no shield)
rPois  .         Spirit   .     (no helmet)
rElec  .         Reflect  .     (no cloak)
rCorr  .         Harm     .     (no gloves)
MR     .....                    (no boots)
Stlth  +.........               (no amulet)
                                (no ring)
                                (no ring)

@: no status effects
A: spiny 2
a: Depart the Abyss, Bend Space, Renounce Religion


You were on level 2 of the Dungeon.
You worshipped Lugonu.
Lugonu was pleased with you.
You were not hungry.

You visited 1 branch of the dungeon, and saw 2 of its levels.
You visited the Abyss 1 time.

You collected 50 gold pieces.

Inventory:

Hand Weapons
 a - a +1 falchion (weapon)
Armour
 b - a +0 leather armour (worn)
Jewellery
 g - an uncursed ring of fire
Scrolls
 d - 2 scrolls of teleportation {unknown}
 e - 4 scrolls of identify {unknown}
 f - a scroll of immolation {unknown}
 h - a scroll of amnesia {unknown}
 i - a scroll of fear {unknown}
 j - a scroll of random uselessness {unknown}
Comestibles
 c - a bread ration
 k - a meat ration


   Skills:
 + Level 3.8 Fighting
 + Level 2.4 Long Blades
 + Level 2.1 Armour
 + Level 1.1 Dodging
 + Level 2.6 Invocations


You had 2 spell levels left.
You didn't know any spells.

Dungeon Overview and Level Annotations

Branches:
Dungeon (2/15)

Altars:

Annotations:
D:2 Natasha


Innate Abilities, Weirdness & Mutations

You are mostly covered in sharp spines.


Message History

You hit the dart slug.
You kill the dart slug!
Lugonu accepts your kill.
No target in view!
k - a meat ration A kobold comes into view.
The kobold shouts!
The kobold throws a stone.
The stone hits you but does no damage.
You see here a stone.
A kobold is nearby!
The kobold throws a stone.
The stone barely misses you.
Found 10 gold pieces.
A ball python comes into view.
Natasha hisses angrily.
The ball python hisses angrily.
Natasha stares at you and mumbles some strange words.
The magic dart hits you!
The kobold throws a stone.
The stone hits you.
You see here a stone.
Natasha zaps a wand.
The puff of flame hits you!
It is a wand of flame.
Natasha zaps a wand.
The puff of flame hits you!
You die...

#........# .........#
.........# .......).###
....##.....# # #+##
#.....# ##.##+####.#
#.....#
###.......##.####.....#
.....K.@.(.(..........+
###..S....##.##+#>....#
........#.##.# ....###
...h....#.##.# .....#
...$....#.##.#......#
.....#..#.##.#......#
.............#......#
##.###..#.#..........


You could see Natasha, a ball python and a kobold.

Vanquished Creatures
  An adder (D:2)
  A worm (D:2)
  3 dart slugs
  A leopard gecko (D:1)
  2 giant cockroaches
  3 goblins
  5 hobgoblins
  A jackal (D:1)
  3 kobolds (D:1)
  A quokka (D:2)
  5 bats (D:1)
  A frilled lizard (D:1)
  7 rats
34 creatures vanquished.

Notes
Turn   | Place    | Note
-------+----------+-------------------------------------------
     0 | Abyss:1  | McKennaii the Demonspawn Abyssal Knight began the quest for the Orb.
     0 | Abyss:1  | Reached XP level 1. HP: 18/18 MP: 2/2
    10 | D:1      | Escaped the Abyss
   165 | D:1      | Gained mutation: You are partially covered in sharp spines. [demonic ancestry]
   165 | D:1      | Reached XP level 2. HP: 11/24 MP: 3/3
   697 | D:1      | Reached ** piety under Lugonu
  1180 | D:2      | Noticed Natasha
  1184 | D:2      | Gained mutation: You are mostly covered in sharp spines. [demonic ancestry]
  1184 | D:2      | Reached XP level 3. HP: 24/29 MP: 4/4
  1325 | D:2      | Reached skill level 1 in Dodging
  1575 | D:2      | Killed from afar by Natasha

Skill      XL: |  1  2  3 |
---------------+----------+-----
Long Blades    | 2 |  2.4
Armour         | 2 |  2.1
Dodging        | 1 |  1.1
Fighting       | |  3.8
Invocations    | |  2.6

Action                   || total
-------------------------++-------
Melee: Falchion          ||    73
  Use: Potion            ||     1
  Eat: Royal jelly       ||     1
Armor: Leather armour    ||    27
Dodge: Dodged            ||    47
       Rpst.: Falchion   ||    13
